 Dungeon Crawl Stone Soup version 0.23-a0-79-gaa8cc03057 (webtiles) character file.

274 OlSheep the Changer (level 6, -4/30 HPs)
             Began as a Vine Stalker Transmuter on Aug 10, 2018.
             Slain by an orc priest
             ... wielding a +0 hand axe
              (6 damage)
             ... on level 6 of the Dungeon.
             The game lasted 00:36:19 (3805 turns).

OlSheep the Changer (Vine Stalker Transmuter)       Turns: 3805, Time: 00:36:20

Health: -4/30      AC:  5    Str: 12    XL:     6   Next: 24%
Magic:  0/21       EV: 12    Int: 15    God:
Gold:   124        SH:  0    Dex: 15    Spells: 6/12 levels left

rFire    . . .     SeeInvis .     - Unarmed
rCold    . . .     Gourm    .   (no shield)
rNeg     . . .     Faith    .   b - +0 robe
rPois    .         Spirit   +   (no helmet)
rElec    .         Reflect  .   (no cloak)
rCorr    +         Harm     .   g - +0 pair of gloves
MR       .....                  c - +1 pair of boots
Stlth    +.........             (no amulet)
HPRegen  0.50/turn              i - ring of resist corrosion
MPRegen  0.17/turn              s - ring of magical power

@: about to teleport
A: fangs 2, regeneration 1, magic shield, antimagic bite, no potion heal 3, rot
immunity
a: no special abilities


You were on level 6 of the Dungeon.
You were not hungry.

You visited 1 branch of the dungeon, and saw 4 of its levels.

You collected 124 gold pieces.

Inventory:

Missiles
 a - 14 arrows
Armour
 b - a +0 robe (worn)
 c - a +1 pair of boots (worn)
 e - a +0 helmet
 g - a +0 pair of gloves (worn)
Jewellery
 i - a ring of resist corrosion (left hand)
 s - a ring of magical power (right hand)
Wands
 p - a wand of disintegration (7)
Scrolls
 h - 2 scrolls of identify
 k - 5 scrolls of remove curse
Potions
 j - a potion of resistance {unknown}
 m - 2 potions of heal wounds
 n - a potion of curing
Comestibles
 d - 8 rations
 f - 2 chunks of flesh


   Skills:
 + Level 2.2 Fighting
 - Level 1.5 Dodging
 - Level 3.0 Unarmed Combat
 - Level 3.6 Spellcasting
 + Level 4.1 Transmutations
 + Level 2.6 Poison Magic


You had 6 spell levels left.
You knew the following spells:

 Your Spells              Type           Power        Failure   Level  Hunger
a - Beastly Appendage     Tmut           ###...       3%          1    None
b - Sticks to Snakes      Tmut           ###.....     5%          2    ##.....
c - Spider Form           Tmut/Pois      ##........   14%         3    ###....

Your spell library contained the following spells:

 Spells                   Type           Power        Failure   Level  Hunger
 Blade Hands              Tmut           ###.......   67%         5    ######.
 Ice Form                 Ice/Tmut       #.......     63%         4    ####...


Dungeon Overview and Level Annotations

Branches:
Dungeon (3/15)

Altars:
Dithmenos
Nemelex Xobeh

Annotations:
D:3 Sigmund


Innate Abilities, Weirdness & Mutations

You have extremely sharp teeth.
Your natural rate of healing is unusually fast.
When hurt, damage is shared between your health and your magic reserves.
Your bite disrupts and absorbs the magic of your enemies.
Potions cannot restore your health.
You are immune to rotting.


Message History

You hit the orc priest.
The orc priest is poisoned.
The orc priest is moderately wounded.
Your transformation has ended.
Your +0 pair of gloves unmelds from your body.
Your +1 pair of boots unmelds from your body.
Your +0 robe unmelds from your body.
The leopard gecko bites you but does no damage.
The quokka misses you.
The orc priest hits you with a hand axe.
* * * LOW HITPOINT WARNING * * *
The leopard gecko completely misses you.
The necrophage hits you.
* * * LOW HITPOINT WARNING * * *
You feel terrible.
As you read the scroll of teleportation, it crumbles to dust.
You feel strangely unstable. The quokka bites you.
* * * LOW HITPOINT WARNING * * *
The leopard gecko completely misses you.
The orc priest hits you with a hand axe!
You die...

#.... #.... #....
..... ########...
......
#####o.o.!.o..>
.%....
#...5.#####....
#.....####o#####
#....
##..........#####
##...
#....(.o###.5...#
##..
#......n@l#.....#
###
#.......#r5o....#
#.).....##.....#
##..$##. #.....#
##..##. #.....#
##.##. #.....#
#.##( ..#####
#.### #.# #..# ..


You could see an orc warrior, a necrophage, an orc priest, a shadow imp, a
leopard gecko and a quokka.

Vanquished Creatures
  A sky beast (D:6)
  Ijyb (D:3)
  A worker ant zombie (D:6)
  Robin (D:3)
  A gnoll (D:2)
  4 adders
  A worm (D:3)
  3 dart slugs
  2 leopard geckos
  2 orcs
  8 bats
  3 giant cockroaches
  16 goblins
  9 hobgoblins
  11 jackals
  6 kobolds
  2 quokkas (D:3)
  A ball python (D:1)
  4 frilled lizards
  6 rats
83 creatures vanquished.

Vanquished Creatures (collateral kills)
  A leopard gecko (D:2)
  A hobgoblin (D:2)
2 creatures vanquished.

Grand Total: 85 creatures vanquished

Notes
Turn   | Place    | Note
-------+----------+-------------------------------------------
     0 | D:1      | OlSheep the Vine Stalker Transmuter began the quest for the Orb.
     0 | D:1      | Reached XP level 1. HP: 9/9 MP: 4/4
   260 | D:1      | Reached skill level 1 in Fighting
   307 | D:1      | Reached XP level 2. HP: 10/14 MP: 2/6
   313 | D:1      | Learned a level 2 spell: Sticks to Snakes
   798 | D:1      | Found a sparkling altar of Nemelex Xobeh.
   804 | D:1      | Reached XP level 3. HP: 18/18 MP: 5/8
   853 | D:1      | Upgraded the game from 0.23-a0-73-g64c3ba73d4 to 0.23-a0-79-gaa8cc03057
  1260 | D:2      | Learned a level 3 spell: Spider Form
  1925 | D:2      | Gained mutation: Your natural rate of healing is unusually fast. [Vine Stalker growth]
  1925 | D:2      | Reached XP level 4. HP: 22/22 MP: 6/10
  1950 | D:2      | Reached skill level 1 in Poison Magic
  2469 | D:3      | Noticed Ijyb
  2614 | D:3      | Noticed Sigmund
  2782 | D:3      | Killed Ijyb
  2782 | D:3      | Reached XP level 5. HP: 11/26 MP: 1/11
  3069 | D:3      | Noticed Robin
  3233 | D:3      | Killed Robin
  3379 | D:3      | Found a shadowy altar of Dithmenos.
  3580 | D:3      | You fall through a shaft for 3 floors!
  3589 | D:6      | Noticed a necrophage
  3623 | D:6      | Noticed a sky beast
  3635 | D:6      | Noticed an ice beast
  3646 | D:6      | Reached skill level 3 in Transmutations
  3652 | D:6      | Killed a sky beast
  3652 | D:6      | Reached XP level 6. HP: 30/30 MP: 12/12
  3669 | D:6      | Reached skill level 4 in Transmutations
  3714 | D:6      | Noticed an orc warrior
  3805 | D:6      | Slain by an orc priest

Vault maps used:
D:1:      dpeg_arrival_brainrot, minmay_hexomino_r4
D:2:      minmay_misc_feat_cross
D:3:      marbit_many_paths, uniq_robin, uniq_ijyb, uniq_sigmund

Skill      XL: |  1  2  3  4  5  6 |
---------------+-------------------+-----
Fighting       | 1 2 |  2.2
Spellcasting   | 3 |  3.6
Poison Magic   | 2 |  2.6
Transmutations | 3 4 |  4.1
Dodging        | |  1.5
Unarmed Combat | |  3.0

Action                   |  1- 3 |  4- 6 || total
-------------------------+-------+-------++-------
Melee: Unarmed           |   107 |   122 ||   229
       Bite              |    18 |    14 ||    32
       Headbutt          |    10 |    20 ||    30
       Kick              |    13 |       ||    13
       Punch             |     2 |     2 ||     4
 Cast: Beastly Appendage |    30 |    17 ||    47
       Sticks to Snakes  |     6 |     7 ||    13
       Spider Form       |       |     6 ||     6
  Use: Scroll            |       |    11 ||    11
  Eat: Chunk             |     4 |     7 ||    11
Armor: Robe              |    35 |    18 ||    53
       Skin              |       |     3 ||     3
Dodge: Dodged            |    66 |   158 ||   224

Table legend:
 A = Non-vault XP
 B = Vault XP
 C = Vault XP percentage of total XP
 D = Non-vault monster count
 E = Vault monster count
 F = Vault count percentage of total count
 G = Total turns spent on level
                 A         B        C        D         E       F
            +---------+---------+-------+---------+---------+-------
      Total |     313 |      79 |  20.2 |      66 |      19 |  22.4
            +---------+---------+-------+---------+---------+-------
        D:1 |      38 |      14 |  26.9 |      22 |       6 |  21.4
        D:2 |      80 |       7 |   8.0 |      29 |       4 |  12.1
        D:3 |      18 |      58 |  76.3 |       9 |       9 |  50.0
        D:6 |     177 |       0 |   0.0 |       6 |       0 |   0.0
            +---------+---------+-------+---------+---------+-------
